 Dungeon Crawl Stone Soup version 0.32-a0-999-gfa1cc04b1d (webtiles) character file.

Game seed: 1944952056997367491

177 GiantSquids the Covert (level 5, 0/36 HPs)
             Began as an Octopode Delver on Apr 25, 2024.
             Slain by a human zombie (5 damage)
             ... in an ossuary.
             The game lasted 00:01:38 (236 turns).

GiantSquids the Covert (Octopode Delver)             Turns: 236, Time: 00:01:39

Health: 0/36       AC:  1    Str: 11    XL:     5   Next: 57%
Magic:  5/5        EV: 12    Int: 13    God:
Gold:   29         SH:  0    Dex: 15    Spells: 4/4 levels left

rFire   . . .        a - +0 short sword
rCold   . . .        (no shield)
rNeg    . . .        (helmet restricted)
rPois   .            (no amulet)
rElec   .            (no ring)
rCorr   .            (no ring)
SInv    .            (no ring)
Will    .....        (no ring)
Stlth   +++++        (no ring)
HPRegen 0.26/turn    (no ring)
MPRegen 0.09/turn    (no ring)
                     (no ring)

%: no passive effects
@: no status effects
A: almost no armour, amphibious, 8 rings, camouflage 1, gelatinous body 1,
(nimble swimmer 1), tentacles
a: no special abilities


You were in an ossuary.
You visited 1 branch of the dungeon, and saw 2 of its levels.
You also visited: Ossuary.

You collected 29 gold pieces.

Inventory:

Hand Weapons
 a - a +0 short sword (weapon)
Wands
 f - a wand of digging (3)
Scrolls
 b - a scroll of fog
 c - a scroll of revelation
 d - a scroll of fear
 g - a scroll of enchant armour {unknown}
 h - a scroll of immolation {unknown}
Potions
 e - a potion of haste


   Skills:
 - Level 3.0 Fighting
 * Level 4.6 Short Blades
 - Level 2.0 Dodging
 + Level 8.0 Stealth


You had 4 spell levels left.
You didn't know any spells.
Your spell library was empty.

Dungeon Overview and Level Annotations

Branches:
Dungeon (5/15)            Ossuary (1/1)
 Temple: D:4-7

Altars:


Innate Abilities, Weirdness & Mutations

You cannot wear most types of armour.
You are amphibious.
You can wear up to eight rings at the same time.
Your skin changes colour to match your surroundings (Stealth+).
Your rubbery body absorbs attacks. (AC +1, EV +1)
((You are camouflaged when in or above water. (Stealth+)))
You have tentacles for arms and can constrict up to eight enemies at once.


Message History

You destroy the jackal zombie!
You hit the human zombie. You grab the human zombie.
You squeeze the human zombie, but do no damage.
The human zombie is lightly damaged.
You constrict the human zombie. The human zombie hits you.
The hound zombie bites you but does no damage.
You hit the hound zombie. You grab the hound zombie.
The hound zombie is lightly damaged.
You constrict the human zombie. You constrict the hound zombie.
The hound zombie bites you.
You hit the hound zombie.
The hound zombie is heavily damaged.
You constrict the human zombie. You constrict the hound zombie.
The human zombie hits you. The hound zombie barely misses you.
You hit the hound zombie. You squeeze the hound zombie.
The hound zombie is severely damaged.
You constrict the human zombie. You constrict the hound zombie.
The hound zombie completely misses you. The human zombie hits you.
You hit the mummy. You grab the mummy. You squeeze the mummy.
The mummy is heavily damaged.
You constrict the human zombie. You constrict the hound zombie.
You destroy the hound zombie!
You constrict the mummy. You hit the mummy.
The mummy is severely damaged.
You constrict the human zombie. You constrict the mummy.
The human zombie hits you. x2; The mummy hits you.
* * * LOW HITPOINT WARNING * * *
You hit the mummy. You squeeze the mummy.
The mummy is almost destroyed.
You constrict the human zombie. You constrict the mummy.
You destroy the mummy!
The human zombie hits you.
* * * LOW HITPOINT WARNING * * *
Your Stealth skill increases to level 8!
You barely miss the human zombie. Your grab misses the human zombie.
You constrict the human zombie. The human zombie barely misses you.
You closely miss the human zombie. You grab the human zombie.
You constrict the human zombie. x2; The human zombie hits you.
You die...

..................
...................
...................
.......∩..........#
.Z.....∩..........#
..................#
............Z......
..Z.......Z........
...........@...##.
..........Z....#
...................
...................
....#####.........
... ..........
..........
###########


You could see a goblin zombie and 2 human zombies.

Vanquished Creatures
  Edmund (D:4)
  An orc wizard (D:5)
  A hound zombie (Ossuary)
  A mummy (Ossuary)
  A dart slug (D:5)
  4 orcs (D:5)
  A goblin (D:4)
  A goblin zombie (Ossuary)
  A hobgoblin zombie (Ossuary)
  A jackal zombie (Ossuary)
13 creatures vanquished.

Notes
Turn   | Place    | Note
-------+----------+-------------------------------------------
     0 | D:5      | GiantSquids the Octopode Delver began the quest for the
                  | Orb.
     0 | D:5      | Reached XP level 1. HP: 16/16 MP: 1/1
    14 | D:5      | Noticed an ice beast
    14 | D:5      | Noticed a phantom
    81 | D:5      | Reached XP level 2. HP: 17/21 MP: 2/2
    94 | D:5      | Reached skill level 7 in Stealth
    94 | D:5      | Reached XP level 3. HP: 9/26 MP: 3/3
   166 | D:4      | Noticed Edmund
   173 | D:4      | Killed Edmund
   174 | D:4      | Reached XP level 4. HP: 23/31 MP: 4/4
   174 | D:4      | Reached XP level 5. HP: 26/36 MP: 5/5
   182 | D:4      | Found a sand-covered staircase.
   219 | Ossuary  | Entered an ossuary
   235 | Ossuary  | Reached skill level 8 in Stealth
   236 | Ossuary  | Slain by a human zombie

Illustrated notes

Levels and vault maps discovered:
D:4:      layout_basic, nicolae_ossuary_entry_plus, uniq_blork_the_orc,
          uniq_edmund, uniq_robin
D:5:      layout_basic, chequers_serial_rivers_micro_c, uniq_crazy_yiuf_cottage
Ossuary:  ossuary_minmay_tomb_2a

Skill      XL: |  1  2  3  4  5 |
---------------+----------------+-----
Short Blades   | 3 4 |  4.6
Stealth        | 7 8 |  8.0
Fighting       | |  3.0
Dodging        | |  2.0

Action                     |  1- 3 |  4- 6 || total
---------------------------+-------+-------++-------
  Melee: Short sword       |    24 |    15 ||    39
         Constrict         |     6 |     6 ||    12
         Tentacles         |     6 |     6 ||    12
   Stab: Sleeping          |     1 |       ||     1
 Armour: Skin              |     7 |    12 ||    19
  Dodge: Dodged            |    10 |     7 ||    17

Table legend: (Time is in decaauts)
 A = Elapsed time spent in this place.
 B = Non-inter-level travel time spent in this place.
 C = Inter-level travel time spent in this place.
 D = Time resting spent in this place.
 E = Time spent auto-exploring this place.
 F = Levels seen in this place.
 G = Mean time per level.
                   A        B        C        D        E       F      G
               +--------+--------+--------+--------+--------+-----+--------+
         Total |    229 |    229 |      0 |     62 |     14 |   3 |   76.3 |
       Dungeon |    215 |    215 |      0 |     62 |     14 |   2 |  107.5 |
       Ossuary |     14 |     14 |      0 |      0 |      0 |   1 |   14.0 |
               +--------+--------+--------+--------+--------+-----+--------+

Top non-repeatable levels by time:
     D:5: 163 daAuts
     D:4: 51 daAuts
 Ossuary: 14 daAuts
